 Dungeon Crawl Stone Soup version 0.21-a0-140-g479285b (webtiles) character file.

6 drasked the Sneak (level 1, -1/9 HPs)
             Began as a Spriggan Enchanter on July 22, 2017.
             Slain by a rat (2 damage)
             ... on level 1 of the Dungeon.
             The game lasted 00:02:52 (413 turns).

drasked the Sneak (Spriggan Enchanter)               Turns: 413, Time: 00:02:53

Health: -1/9       AC:  2    Str:  4    XL:     1   Next: 75%
Magic:  5/5        EV: 18    Int: 16    God:
Gold:   14         SH:  0    Dex: 16    Spells: 5/6 levels left

rFire    . . .     SeeInvis +   a - +1 dagger
rCold    . . .     Gourm    .   (shield restricted)
rNeg     . . .     Faith    .   b - +0 robe
rPois    .         Spirit   .   (helmet restricted)
rElec    .         Reflect  .   (no cloak)
rCorr    .         Harm     .   (gloves unavailable)
MR       .....                  (boots unavailable)
Stlth    +++.......             (no amulet)
HPRegen  0.03/turn              (no ring)
MPRegen  0.09/turn              (no ring)

@: very quick
A: unfitting armour, see invisible, herbivore 3, speed 3, slow metabolism 2
a: no special abilities


You were on level 1 of the Dungeon.
You were not hungry.

You visited 1 branch of the dungeon, and saw 1 of its levels.

You collected 14 gold pieces.

Inventory:

Hand Weapons
 a - a +1 dagger (weapon)
Armour
 b - a +0 robe (worn)
Scrolls
 e - a scroll of amnesia {unknown}
Books
 c - a book of Maledictions
Comestibles
 d - a bread ration {@e1}


   Skills:
 - Level 1.1 Short Blades
 - Level 3.0 Dodging
 - Level 4.4 Stealth
 + Level 3.4 Spellcasting
 - Level 3.6 Hexes


You had 5 spell levels left.
You knew the following spells:

 Your Spells              Type           Power        Failure   Level  Hunger
v - Corona                Hex            ##.....      4%          1    None


Dungeon Overview and Level Annotations

Branches:
Dungeon (1/15)

Altars:


Innate Abilities, Weirdness & Mutations

You are very small and have problems with some larger weapons.
You are too small for most types of armour.
You have supernaturally acute eyesight. (SInv)
You are a herbivore.
You cover ground extremely quickly.
You need consume almost no food.


Message History

You enter a teleport trap!
The teleport trap disappears.
Your surroundings suddenly seem different.
You now have 14 gold pieces (gained 11).
You start resting.
You regained 2 hp, and now have 8/9 hp.
The kobold shouts!
The kobold throws a stone.
The stone hits you.
You take 1 damage, and have 7/9 hp.
The kobold throws a stone.
The stone closely misses you.
The hobgoblin shouts!
You hit the hobgoblin. You hit the hobgoblin but do no damage.
The hobgoblin completely misses you.
You hit the hobgoblin. The hobgoblin barely misses you.
You hit the hobgoblin but do no damage. The hobgoblin closely misses you.
You barely miss the hobgoblin. The hobgoblin closely misses you.
You hit the hobgoblin but do no damage. The hobgoblin hits you.
You take 3 damage, and have 5/9 hp.
MASSIVE DAMAGE!!
The hobgoblin misses you.
You don't know that spell.
Okay, then.
Aim: a giant cockroach (clinging, chance to defeat MR: 68%)
The giant cockroach barely resists.
You now have 4/5 mp.
Aim: a giant cockroach (clinging, chance to defeat MR: 68%)
The giant cockroach is outlined in light.
You now have 3/5 mp.
You hit the giant cockroach but do no damage.
The giant cockroach bites you.
You take 1 damage, and have 4/9 hp.
You hit the giant cockroach. The giant cockroach barely misses you.
The giant cockroach bites you but does no damage.
Aim: a bat (chance to defeat MR: 68%)
The bat is outlined in light.
The bat closely misses you.
The giant cockroach completely misses you.
You now have 2/5 mp.
The bat completely misses you. The giant cockroach bites you.
You take 1 damage, and have 3/9 hp.
You closely miss the bat. The bat barely misses you.
The bat hits you but does no damage. The giant cockroach closely misses you.
You hit the bat but do no damage. The bat completely misses you. x2
The giant cockroach misses you.
You closely miss the bat. The bat closely misses you. x2
The giant cockroach misses you.
You barely miss the bat. The bat barely misses you.
The giant cockroach bites you.
* * * LOW HITPOINT WARNING * * *
You take 1 damage, and have 2/9 hp.
The bat closely misses you. The bat misses you.
A dart slug comes into view.
The giant cockroach stops glowing.
The bat hits you.
* * * LOW HITPOINT WARNING * * *
You take 1 damage, and have 1/9 hp.
The bat barely misses you. The bat hits you but does no damage.
The bat closely misses you. The bat hits you.
* * * LOW HITPOINT WARNING * * *
You take 1 damage, and have 1/9 hp.
The bat stops glowing.
The bat completely misses you.
You hit the bat. The bat misses you.
There is an open door here.
The kobold shouts!
You hit the bat but do no damage. The bat closely misses you.
The bat misses you. The bat closely misses you.
You closely miss the bat. The bat closely misses you.
The bat completely misses you.
You barely miss the bat. The bat hits you but does no damage.
The bat closely misses you.
MP restored: 5 You hit the bat.
The bat completely misses you. The bat barely misses you.
You hit the bat.
You kill the bat!
The bat barely misses you. The bat completely misses you.
You hit the bat. The bat misses you. The bat hits you but does no damage.
The bat closely misses you.
The frilled lizard hisses angrily.
You hit the bat.
You kill the bat!
A kobold comes into view. It is wielding a short sword.
The frilled lizard barely misses you.
A kobold comes into view. It is wielding a short sword.
The kobold shouts!
You see here a stone.
You see here a stone.
A rat comes into view.
The rat bites you.
* * * LOW HITPOINT WARNING * * *
You take 1 damage, and have 1/9 hp.
You closely miss the rat. The rat barely misses you.
You barely miss the rat. The rat barely misses you.
You hit the rat. The rat closely misses you.
You barely miss the rat. The rat bites you.
You die...

##........# #.........# #.
#...#....# #######..## #.
#........###########l.####.
#....#.....((...............
#....
####.############.#####
......####.# #.#####
.##........## #.'....
...#.....######(. #.#####
.........@r....!. #..####
..##.....######.. ##..... #
#.....# #####. #.....# ##
#.....# # #.....# # #.....#
# #.....# #


You could see a rat.

Vanquished Creatures
  A leopard gecko (D:1)
  A goblin (D:1)
  3 bats (D:1)
5 creatures vanquished.

Notes
Turn   | Place    | Note
-------+----------+-------------------------------------------
     0 | D:1      | drasked the Spriggan Enchanter began the quest for the Orb.
     0 | D:1      | Reached XP level 1. HP: 9/9 MP: 5/5
   145 | D:1      | Reached skill level 3 in Spellcasting
   320 | D:1      | HP: 2/9 [giant cockroach (1)]
   329 | D:1      | HP: 1/9 [bat (1)]
   409 | D:1      | HP: 1/9 [rat (1)]
   413 | D:1      | Slain by a rat

Vault maps used:
D:1:      evilmike_arrival_plus, minmay_cupped

Skill      XL: |  1 |
---------------+----+-----
Spellcasting   | 3 |  3.4
Short Blades   | |  1.1
Dodging        | |  3.0
Stealth        | |  4.4
Hexes          | |  3.6

Action                   || total
-------------------------++-------
Melee: Dagger            ||    45
 Cast: Corona            ||     3
Armor: Robe              ||     5
Dodge: Dodged            ||    63

Vault maps used:
D:1:      evilmike_arrival_plus, minmay_cupped

Table legend:
 A = Turns spent in this place as a percentage of turns spent in the entire game.
 B = Non-inter-level travel turns spent in this place as a percentage of non-inter-level travel turns spent in the entire game.
 C = Inter-level travel turns spent in this place as a percentage of turns spent in this place.
 D = Turns resting spent in this place as a percentage of non-inter-level travel turns spent in this place.
 E = Turns spent auto-exploring this place as a percentage of non-inter-level travel turns spent in this place.
 F = Non-inter-level travel turns spent in this place divided by the number of levels of this place that you've seen.
                   A       B       C       D       E      F
               +-------+-------+-------+-------+-------+----------------------
         Total | 100.0 | 100.0 |   0.0 |   1.5 |   1.1 | 263.0
       Dungeon | 100.0 | 100.0 |   0.0 |   1.5 |   1.1 | 263.0
               +-------+-------+-------+-------+-------+----------------------

Table legend:
 A = Kills in this place as a percentage of kills in entire the game.
 B = Kills by you in this place as a percentage of kills by you in the entire game.
 C = Kills by friends in this place as a percentage of kills by friends in the entire game.
 D = Other kills in this place as a percentage of other kills in the entire game.
 E = Experience gained in this place as a percentage of experience gained in the entire game.
 F = Experience gained in this place divided by the number of levels of this place that you have seen.
                   A       B       C       D       E      F
               +-------+-------+-------+-------+-------+----------------------
         Total | 100.0 | 100.0 |  -nan |  -nan | 100.0 |   9.0
       Dungeon | 100.0 | 100.0 |  -nan |  -nan | 100.0 |   9.0
               +-------+-------+-------+-------+-------+----------------------
